 Dungeon Crawl Stone Soup version 0.21.1-1-g345015f (webtiles) character file.

101 Fang the Skirmisher (level 4, -1/43 HPs)
             Began as a Gargoyle Berserker on June 1, 2018.
             Was a Believer of Trog.
             Slain by a gnoll
             ... wielding a +0 spear
              (4 damage)
             ... on level 3 of the Dungeon.
             The game lasted 00:03:03 (1728 turns).

Fang the Skirmisher (Gargoyle Berserker)            Turns: 1728, Time: 00:03:04

Health: -1/43      AC:  5    Str: 26    XL:     4   Next: 75%
Magic:  13/13      EV: 12    Int:  8    God:    Trog [**....]
Gold:   107        SH:  0    Dex:  9    Spells: 3/3 levels left

rFire    . . .     SeeInvis .   a - +0 hand axe
rCold    . . .     Gourm    .   (no shield)
rNeg     + . .     Faith    .   b - +0 animal skin
rPois    ∞         Spirit   .   (no helmet)
rElec    +         Reflect  .   (no cloak)
rCorr    .         Harm     .   (no gloves)
MR       .....                  (no boots)
Stlth    ..........             (no amulet)
HPRegen  0.14/turn              g - ring of magical power
MPRegen  0.13/turn              p - ring of poison resistance

@: berserking (expiring), very quick
A: negative energy resistance 1, electricity resistance, unbreathing,
petrification resistance, rot immunity, AC +3
a: Berserk, Trog's Hand, Burn Spellbooks, Renounce Religion


You were on level 3 of the Dungeon.
You worshipped Trog.
Trog was pleased with you.
You were near starving.

You visited 1 branch of the dungeon, and saw 3 of its levels.

You collected 107 gold pieces.

Inventory:

Hand Weapons
 a - a +0 hand axe (weapon)
Armour
 b - a +0 animal skin (worn)
Jewellery
 g - a ring of magical power (left hand)
 p - a ring of poison resistance (right hand)
Wands
 l - a wand of flame (41)
Scrolls
 d - 3 scrolls of identify {unknown}
 e - 2 scrolls of amnesia {unknown}
 i - a scroll of random uselessness {unknown}
 j - 2 scrolls of teleportation {unknown}
 m - a scroll of immolation {unknown}
 o - a scroll of fear {unknown}
 s - a scroll of remove curse {unknown}
Potions
 f - a potion of magic {unknown}
 h - 2 potions of curing
 k - a potion of cancellation {unknown}
 n - 3 potions of agility {unknown}
 q - a potion of brilliance {unknown}
 t - a potion of heal wounds {unknown}
Comestibles
 c - 2 rations
 r - a chunk of flesh


   Skills:
 + Level 4.1 Fighting
 + Level 4.0 Axes
 + Level 2.4 Armour
 + Level 2.0 Dodging


You had 3 spell levels left.
You didn't know any spells.

Dungeon Overview and Level Annotations

Branches:
Dungeon (3/15)

Altars:
Kikubaaqudgha


Innate Abilities, Weirdness & Mutations

You are resistant to torment.
Your stone body is resilient. (AC +3)
You are immune to poison.
You resist negative energy. (rN+)
You are resistant to electric shocks. (rElec)
You can survive without breathing.
You are immune to petrification.
You are immune to rotting.


Message History

The gnoll hits you from afar with a spear.
* * * LOW HITPOINT WARNING * * *
You slash the gnoll!
You kill the gnoll!
Trog accepts your kill.
Your Axes skill increases to level 4!
You completely miss the orc. The orc hits you with a dagger.
* * * LOW HITPOINT WARNING * * *
The gnoll hits you from afar with a spear.
* * * LOW HITPOINT WARNING * * *
The gnoll hits you with a flail of venom.
* * * LOW HITPOINT WARNING * * *
The orc hits you but does no damage.
Things that are here:
a whip; a gnoll corpse You barely miss the gnoll.
The gnoll is moderately wounded.
You hit the orc but do no damage. You closely miss the gnoll.
The gnoll hits you with a spear.
You die...

.#.# # #.# ###.#.# #
#.# #...#.##### #.#
###.###...... # #.#
#..#.........
#.##.###.#.#########
#.#...##.#.#
##..#..o...#.#.#
......g@.†...#.#
##....g....#.#.#
#.####........#
##.####### #.# #..
###


You could see 2 gnolls and an orc.

Vanquished Creatures
  Robin (D:2)
  A gnoll (D:3)
  3 adders (D:2)
  4 dart slugs
  An orc (D:3)
  2 giant cockroaches
  9 goblins
  6 hobgoblins
  2 jackals (D:2)
  5 bats
  5 frilled lizards
  4 kobolds
  3 rats
46 creatures vanquished.

Notes
Turn   | Place    | Note
-------+----------+-------------------------------------------
     0 | D:1      | Fang the Gargoyle Berserker began the quest for the Orb.
     0 | D:1      | Reached XP level 1. HP: 14/14 MP: 1/1
   283 | D:1      | Reached XP level 2. HP: 3/19 MP: 2/2
   984 | D:2      | Reached XP level 3. HP: 23/24 MP: 3/3
  1034 | D:2      | Noticed Robin
  1054 | D:2      | Killed Robin
  1055 | D:2      | Reached XP level 4. HP: 19/29 MP: 4/4
  1143 | D:2      | Reached ** piety under Trog
  1364 | D:2      | Found an ancient bone altar of Kikubaaqudgha.
  1728 | D:3      | Slain by a gnoll

Skill      XL: |  1  2  3  4 |
---------------+-------------+-----
Axes           | 3 4 |  4.0
Fighting       | 4 |  4.1
Dodging        | 2 |  2.0
Armour         | |  2.4

Action                   |  1- 3 |  4- 6 || total
-------------------------+-------+-------++-------
Melee: Hand axe          |    71 |    70 ||   141
Invok: Berserk           |     1 |     1 ||     2
  Eat: Chunk             |       |     3 ||     3
Armor: Animal skin       |    31 |    21 ||    52
Dodge: Dodged            |    53 |    49 ||   102
